SAAA
TREMONT DOUBLEDAYS @ TORTOLITA DRUMMERS
08/27/2020
 
TOP OF THE 1ST
Tremont Doubledays batting - Pitching for Tortolita Drummers : LHP Kaluka Wene
Pitching: LHP Kaluka Wene
Batting: LHB Scott Britt 0-0: Ball
1-0: Called Strike
1-1: Swinging Strike
1-2: Ball
2-2: Ball
3-2: Fly out, F8 (Flyball, 8LM)
Batting: RHB Jim Unknown 0-0: Ball
1-0: Called Strike
1-1: Ball
2-1: Called Strike
2-2: Ball
3-2: Ground out 4-3 (Groundball, 4)
Batting: RHB Kazunori Ito 0-0: Called Strike
0-1: Foul Ball, location: 2F
0-2: Foul Ball, location: 2F
0-2: Ball
1-2: Foul Ball, location: 2F
1-2: Ground out 1-3 (Groundball, 15)
Top of the 1st over - 0 run(s), 0 hit(s), 0 error(s), 0 left on base; Tremont 0 - Tortolita 0
BOTTOM OF THE 1ST
Tortolita Drummers batting - Pitching for Tremont Doubledays : RHP Rob Stone
Pitching: RHP Rob Stone
Batting: RHB Dan Lewis 0-0: Swinging Strike
0-1: Ball
1-1: Ball
2-1: Ground out 6-3 (Groundball, 6)
Batting: RHB Lonnie Conrad 0-0: Ball
1-0: Swinging Strike
1-1: Called Strike
1-2: Foul Ball, location: 2F
1-2: Fly out, F7 (Flyball, 7D)
Batting: LHB Keith Spear 0-0: Ball
1-0: Ball
2-0: Called Strike
2-1: Foul Ball, location: 2F
2-2: Ground out 1-3 (Groundball, 15S)
Bottom of the 1st over - 0 run(s), 0 hit(s), 0 error(s), 0 left on base; Tremont 0 - Tortolita 0
TOP OF THE 2ND
Tremont Doubledays batting - Pitching for Tortolita Drummers : LHP Kaluka Wene
Batting: LHB Emílio Barbán 0-0: Called Strike
0-1: Foul Ball, location: 2F
0-2: SINGLE (Groundball, 3D)
Batting: LHB Félix López 0-0: Called Strike
0-1: Swinging Strike
0-2: Ground out 4-3 (Groundball, 4M)
Emílio Barbán to second
Batting: RHB Jim Unknown 0-0: Called Strike
0-1: Ball
1-1: Ground out 4-3 (Groundball, 4)
Emílio Barbán to third
Batting: RHB Jim Unknown 0-0: Ball
1-0: Swinging Strike
1-1: Ball
2-1: Foul Ball, location: 2F
2-2: Foul Ball, location: 2F
2-2: Ball
3-2: Base on Balls
Batting: LHB Jim Unknown 0-0: Ball
1-0: Fly out, F6 (Popup, 6M)
Top of the 2nd over - 0 run(s), 1 hit(s), 0 error(s), 2 left on base; Tremont 0 - Tortolita 0
BOTTOM OF THE 2ND
Tortolita Drummers batting - Pitching for Tremont Doubledays : RHP Rob Stone
Batting: LHB Pat McJannett 0-0: Ball
1-0: Ball
2-0: Called Strike
2-1: Called Strike
2-2: Ball
3-2: Foul Ball, location: 2F
3-2: Foul Ball, location: 2F
3-2: Ground out 6-3 (Groundball, 6M)
Batting: SHB Yosuke Kiyomizu 0-0: Foul Ball, location: 2F
0-1: Foul Ball, location: 2F
0-2: SINGLE (Groundball, 3S)
Batting: RHB Jim Harris 0-0: Foul Ball, location: 2F
0-1: Grounds out, U3 (Groundball, 3L)
Batting: LHB Gonzalo Féliz 0-0: Called Strike
0-1: Fly out, F7 (Line Drive, 7M)
Bottom of the 2nd over - 0 run(s), 1 hit(s), 0 error(s), 1 left on base; Tremont 0 - Tortolita 0
TOP OF THE 3RD
Tremont Doubledays batting - Pitching for Tortolita Drummers : LHP Kaluka Wene
Batting: LHB Jim Unknown 0-0: Called Strike
0-1: Ball
1-1: Swinging Strike
1-2: Strikes out swinging
Batting: LHB Scott Britt 0-0: Ball
1-0: Foul Ball, location: 2F
1-1: Foul Ball, location: 2F
1-2: Foul Ball, location: 2F
1-2: Strikes out swinging
Batting: RHB Jim Unknown 0-0: Called Strike
0-1: Ball
1-1: Ball
2-1: Called Strike
2-2: Foul Ball, location: 2F
2-2: Foul Ball, location: 2F
2-2: Ball
3-2: Foul Ball, location: 2F
3-2: Strikes out swinging
Top of the 3rd over - 0 run(s), 0 hit(s), 0 error(s), 0 left on base; Tremont 0 - Tortolita 0
BOTTOM OF THE 3RD
Tortolita Drummers batting - Pitching for Tremont Doubledays : RHP Rob Stone
Batting: RHB Ray Whittier 0-0: Ball
1-0: Ball
2-0: Called Strike
2-1: Ground out U3 (Groundball, 3)
Batting: RHB Ron Humboldt 0-0: Ball
1-0: Swinging Strike
1-1: Ball
2-1: Swinging Strike
2-2: Foul Ball, location: 2F
2-2: Ground out 4-3 (Groundball, 34)
Batting: RHB Dan Lewis 0-0: Ball
1-0: Ball
2-0: Ground out 6-3 (Groundball, 6)
Bottom of the 3rd over - 0 run(s), 0 hit(s), 0 error(s), 0 left on base; Tremont 0 - Tortolita 0
TOP OF THE 4TH
Tremont Doubledays batting - Pitching for Tortolita Drummers : LHP Kaluka Wene
Batting: RHB Kazunori Ito 0-0: Called Strike
0-1: Foul Ball, location: 2F
0-2: Fly out, F9 (Line Drive, 9M)
Batting: LHB Emílio Barbán 0-0: Called Strike
0-1: Swinging Strike
0-2: Ball
1-2: Ball
2-2: Strikes out looking
Batting: LHB Félix López 0-0: Ball
1-0: Called Strike
1-1: Called Strike
1-2: Fly out, F8 (Flyball, 8LD)
Top of the 4th over - 0 run(s), 0 hit(s), 0 error(s), 0 left on base; Tremont 0 - Tortolita 0
BOTTOM OF THE 4TH
Tortolita Drummers batting - Pitching for Tremont Doubledays : RHP Rob Stone
Batting: RHB Lonnie Conrad 0-0: Called Strike
0-1: Ball
1-1: Called Strike
1-2: Strikes out swinging
Batting: LHB Keith Spear 0-0: SINGLE (Line Drive, 4MD)
Batting: LHB Pat McJannett 0-0: Ball
1-0: Ball
2-0: Called Strike
2-1: Fly out, F6 (Popup, 56)
Batting: SHB Yosuke Kiyomizu 0-0: Ball
1-0: Ball
2-0: Ball
3-0: Base on Balls
Keith Spear to second
Batting: RHB Jim Harris 0-0: Ball
1-0: Ball
2-0: Ball
3-0: Base on Balls
Keith Spear to third
Yosuke Kiyomizu to second
Batting: LHB Gonzalo Féliz 0-0: Ball
1-0: Ball
2-0: Called Strike
2-1: Ball
3-1: Called Strike
3-2: Foul Ball, location: 2F
3-2: Foul Ball, location: 2F
3-2: Base on Balls
Keith Spear scores
Yosuke Kiyomizu to third
Jim Harris to second
Batting: RHB Ray Whittier 0-0: Swinging Strike
0-1: SINGLE (Groundball, 4MD)
Yosuke Kiyomizu scores
Jim Harris to third
Gonzalo Féliz to second
Runner from 3rd tries for Home, SAFE, no throw or cutoff
Batting: RHB Ron Humboldt 0-0: Called Strike
0-1: Ball
1-1: SINGLE (Groundball, 5D)
Gonzalo Féliz to third
Ray Whittier to second
Runner from 3rd tries for Home, SAFE, no throw or cutoff
Batting: RHB Dan Lewis 0-0: Ball
1-0: Called Strike
1-1: Ball
2-1: SINGLE (Groundball, 56D)
Ray Whittier to third
Ron Humboldt to second
Runner from 3rd tries for Home, SAFE, throw made home
Ron Humboldt to third
Dan Lewis to second
Batting: RHB Lonnie Conrad 0-0: Swinging Strike
0-1: Ball
1-1: Swinging Strike
1-2: Ball
2-2: Foul Ball, location: 2F
2-2: Foul Ball, location: 2F
2-2: Foul Ball, location: 2F
2-2: Foul Ball, location: 2F
2-2: Ball
3-2: Foul Ball, location: 2F
3-2: Strikes out swinging
Bottom of the 4th over - 5 run(s), 4 hit(s), 0 error(s), 2 left on base; Tremont 0 - Tortolita 5
TOP OF THE 5TH
Tremont Doubledays batting - Pitching for Tortolita Drummers : LHP Kaluka Wene
Batting: RHB Jim Unknown 0-0: Called Strike
0-1: Ball
1-1: Called Strike
1-2: Foul Ball, location: 2F
1-2: Foul Ball, location: 2F
1-2: Ball
2-2: Foul Ball, location: 2F
2-2: Strikes out looking
Batting: RHB Jim Unknown 0-0: Ball
1-0: Foul Ball, location: 2F
1-1: Ball
2-1: Ground out 5-3 (Groundball, 56)
Batting: LHB Jim Unknown 0-0: Ball
1-0: Ground out 4-3 (Groundball, 4)
Top of the 5th over - 0 run(s), 0 hit(s), 0 error(s), 0 left on base; Tremont 0 - Tortolita 5
BOTTOM OF THE 5TH
Tortolita Drummers batting - Pitching for Tremont Doubledays : RHP Rob Stone
Batting: LHB Keith Spear 0-0: Called Strike
0-1: Ball
1-1: Foul Ball, location: 2F
1-2: Ball
2-2: Fly out, F8 (Flyball, 8LM)
Batting: LHB Pat McJannett 0-0: DOUBLE (Flyball, 8RD)
Batting: SHB Yosuke Kiyomizu 0-0: Ball
1-0: Foul Ball, location: 2F
1-1: Hit by Pitch
Batting: RHB Jim Harris 0-0: Ball
1-0: Ball
2-0: Called Strike
2-1: Foul Ball, location: 2F
2-2: Ball
3-2: Base on Balls
Pat McJannett to third
Yosuke Kiyomizu to second
Batting: LHB Gonzalo Féliz 0-0: Fly out, F2 (Popup, 2LF)
Batting: RHB Ray Whittier 0-0: Called Strike
0-1: Ball
1-1: Foul Ball, location: 2F
1-2: Ball
2-2: Ball
3-2: SINGLE (Groundball, 6)
Pat McJannett scores
Yosuke Kiyomizu to third
Jim Harris to second
Yosuke Kiyomizu scores
Jim Harris to third
Pitching: RHP Jim Unknown
Batting: RHB Ron Humboldt 0-0: Called Strike
0-1: Foul Ball, location: 2F
0-2: Ball
1-2: Foul Ball, location: 2F
1-2: SINGLE (Line Drive, 4MD)
Jim Harris scores
Ray Whittier to second
Batting: RHB Dan Lewis 0-0: Ball
1-0: Foul Ball, location: 2F
1-1: Ball
2-1: Ball
3-1: Foul Ball, location: 2F
3-2: SINGLE (Flyball, 3D)
Ray Whittier to third
Ron Humboldt to second
Ray Whittier scores
Ron Humboldt to third
Batting: RHB Lonnie Conrad 0-0: Ball
1-0: Fielders Choice at 2nd, U4 (Groundball, 4M)
Bottom of the 5th over - 4 run(s), 4 hit(s), 0 error(s), 2 left on base; Tremont 0 - Tortolita 9
TOP OF THE 6TH
Tremont Doubledays batting - Pitching for Tortolita Drummers : LHP Kaluka Wene
Batting: LHB Jim Unknown 0-0: Ball
1-0: Foul Ball, location: 2F
1-1: Foul Ball, location: 2F
1-2: Ball
2-2: Ground out 4-3 (Groundball, 34)
Batting: LHB Scott Britt 0-0: Ball
1-0: Ball
2-0: Swinging Strike
2-1: Called Strike
2-2: Strikes out looking
Batting: RHB Jim Unknown 0-0: Ball
1-0: SINGLE (Flyball, 8LS)
Batting: RHB Kazunori Ito 0-0: Ball
1-0: Foul Ball, location: 2F
1-1: Foul Ball, location: 2F
1-2: SINGLE (Line Drive, 9LS)
Jim Unknown to second
Batting: LHB Emílio Barbán 0-0: Ball
1-0: Foul Ball, location: 2F
1-1: Called Strike
1-2: Ball
2-2: Strikes out swinging
Top of the 6th over - 0 run(s), 2 hit(s), 0 error(s), 2 left on base; Tremont 0 - Tortolita 9
BOTTOM OF THE 6TH
Tortolita Drummers batting - Pitching for Tremont Doubledays : RHP Jim Unknown
Batting: LHB Keith Spear 0-0: Ball
1-0: Ball
2-0: Swinging Strike
2-1: Ball
3-1: Called Strike
3-2: Base on Balls
Batting: LHB Pat McJannett 0-0: Called Strike
0-1: Ball
Wild Pitch!
Keith Spear to second
1-1: Ball
2-1: Ball
3-1: Called Strike
3-2: Fly out, F9 (Flyball, 9LM)
Batting: SHB Yosuke Kiyomizu 0-0: Ball
1-0: Ball
2-0: Ball
3-0: Base on Balls
Batting: RHB Jim Harris 0-0: SINGLE (Flyball, 89M)
Keith Spear to third
Yosuke Kiyomizu to second
Batting: LHB Gonzalo Féliz 0-0: Called Strike
0-1: Ball
1-1: Called Strike
1-2: Grounds into double play, 4-6-3 (Groundball, 4)
Bottom of the 6th over - 0 run(s), 1 hit(s), 0 error(s), 2 left on base; Tremont 0 - Tortolita 9
TOP OF THE 7TH
Tremont Doubledays batting - Pitching for Tortolita Drummers : LHP Kaluka Wene
Batting: LHB Félix López 0-0: Ball
1-0: Ground out 1-3 (Groundball, 13)
Batting: RHB Jim Unknown 0-0: Called Strike
0-1: Swinging Strike
0-2: Ground out 6-3 (Groundball, 6)
Batting: RHB Jim Unknown 0-0: Called Strike
0-1: Ground out 4-3 (Groundball, 6M)
Top of the 7th over - 0 run(s), 0 hit(s), 0 error(s), 0 left on base; Tremont 0 - Tortolita 9
BOTTOM OF THE 7TH
Tortolita Drummers batting - Pitching for Tremont Doubledays : RHP Jim Unknown
Batting: RHB Ray Whittier 0-0: Fly out, F9 (Flyball, 89S)
Batting: RHB Ron Humboldt 0-0: Called Strike
0-1: Fly out, F4 (Line Drive, 4)
Batting: RHB Dan Lewis 0-0: Ball
1-0: Ball
2-0: SINGLE (Flyball, 6MD)
Batting: RHB Lonnie Conrad 0-0: Ball
1-0: Swinging Strike
1-1: Foul Ball, location: 2F
1-2: Ball
2-2: Strikes out looking
Bottom of the 7th over - 0 run(s), 1 hit(s), 0 error(s), 1 left on base; Tremont 0 - Tortolita 9
TOP OF THE 8TH
Tremont Doubledays batting - Pitching for Tortolita Drummers : LHP Kaluka Wene
Now at 2B: David Cross
Batting: LHB Jim Unknown 0-0: Ball
1-0: Ball
2-0: Foul Ball, location: 2F
2-1: Called Strike
2-2: Ground out 4-3 (Groundball, 4M)
Batting: LHB Jim Unknown 0-0: Called Strike
0-1: Hit by Pitch
Batting: LHB Scott Britt 0-0: Ball
1-0: Ball
2-0: Swinging Strike
2-1: Swinging Strike
2-2: Strikes out looking
Batting: RHB Jim Unknown 0-0: Called Strike
0-1: Called Strike
0-2: Ball
1-2: SINGLE (Flyball, 7LS)
Jim Unknown to second
Batting: RHB Kazunori Ito 0-0: Ground out 4-3 (Groundball, 4)
Top of the 8th over - 0 run(s), 1 hit(s), 0 error(s), 2 left on base; Tremont 0 - Tortolita 9
BOTTOM OF THE 8TH
Tortolita Drummers batting - Pitching for Tremont Doubledays : RHP Jim Unknown
Batting: LHB Keith Spear 0-0: Ball
1-0: Ball
2-0: Foul Ball, location: 2F
2-1: Called Strike
2-2: Foul Ball, location: 2F
2-2: Ball
3-2: Foul Ball, location: 2F
3-2: Fly out, F7 (Flyball, 7M)
Batting: LHB Pat McJannett 0-0: Ground out 4-3 (Groundball, 4D)
Batting: SHB Yosuke Kiyomizu 0-0: Called Strike
0-1: Ball
1-1: Ball
2-1: Ball
3-1: Swinging Strike
3-2: Fly out, F9 (Flyball, 9M)
Bottom of the 8th over - 0 run(s), 0 hit(s), 0 error(s), 0 left on base; Tremont 0 - Tortolita 9
TOP OF THE 9TH
Tremont Doubledays batting - Pitching for Tortolita Drummers : LHP Kaluka Wene
Batting: LHB Emílio Barbán 0-0: Ball
1-0: Called Strike
1-1: Fly out, F8 (Line Drive, 78D)
Batting: LHB Félix López 0-0: Ball
1-0: Ball
2-0: Fly out, F7 (Flyball, 78S)
Batting: RHB Jim Unknown 0-0: Ball
1-0: Foul Ball, location: 2F
1-1: Foul Ball, location: 2F
1-2: Strikes out looking
Top of the 9th over - 0 run(s), 0 hit(s), 0 error(s), 0 left on base; Tremont 0 - Tortolita 9
This league is powered by Out of the Park Baseball, the baseball management simulation game for PC, Mac and Linux
Friday, October 23rd, 2015 - OOTP Baseball 16.9 Build 39